 Dungeon Crawl Stone Soup version 0.28-a0-589-g333b8329f1 (webtiles) character file.

Game seed: 7390511617449337649

592 lawman0 the Magician (level 7, 0/50 HPs)
             Began as a Djinni Hedge Wizard on Oct 3, 2021.
             Slain by a wyvern (17 damage)
             ... on level 3 of the Dungeon.
             The game lasted 00:10:30 (4594 turns).

lawman0 the Magician (Djinni Hedge Wizard)          Turns: 4594, Time: 00:10:31

Health: 0/50       AC:  3    Str:  9    XL:     7   Next: 66%
Gold:   93         EV: 12    Int: 18    God:
                   SH:  0    Dex: 12

rFire   + + .      SeeInvis .   g - +0 eveningstar
rCold   x . .      Faith    .   (no shield)
rNeg    . . .      Spirit   .   b - +0 robe
rPois   ∞          Reflect  .   p - +0 helmet
rElec   .          Harm     .   (no cloak)
rCorr   .          Rampage  .   (no gloves)
Will    .....                   (boots unavailable)
Stlth   ++........              (no amulet)
HPRegen 0.16/turn               (no ring)
MPRegen 0.00/turn               (no ring)

@: flying
A: sickness immunity, fire resistance 2, cold vulnerability 1, float, innate
caster, hp casting, extra vitality 1
a: no special abilities


You were on level 3 of the Dungeon.
You visited 1 branch of the dungeon, and saw 4 of its levels.

You collected 93 gold pieces.

Inventory:

Hand Weapons
 g - a +0 eveningstar (weapon)
Missiles
 i - 10 boomerangs (quivered)
Armour
 b - a +0 robe (worn)
 o - a +0 ring mail of fire resistance
 p - a +0 helmet (worn)
Scrolls
 f - a scroll of immolation {unknown}
 h - a scroll of teleportation
 j - a scroll of vulnerability {unknown}
 l - a scroll of torment {unknown}
 m - 3 scrolls of holy word
Potions
 a - a potion of lignification {unknown}
 c - a potion of degeneration {unknown}
 d - a potion of curing
 e - 2 potions of cancellation {unknown}
 n - a potion of brilliance {unknown}


   Skills:
 * Level 3.0 Fighting
 + Level 2.1 Maces & Flails
 + Level 1.2 Throwing
 + Level 3.0 Dodging
 + Level 3.0 Stealth
 + Level 4.4 Spellcasting


You couldn't memorise any spells.
You knew the following spells:

 Your Spells              Type           Power      Damage    Failure   Level
a - Magic Dart            Conj           76%        1d6       2%          1
b - Blink                 Tloc           N/A        N/A       3%          2
c - Call Imp              Summ           19%        N/A       3%          2
d - Slow                  Hex            19%        N/A       3%          2
e - Conjure Flame         Conj/Fire      19%        6-21      7%          3
f - Mephitic Cloud        Conj/Pois/Air  19%        N/A       7%          3
g - Apportation           Tloc           38%        N/A       2%          1
h - Corpse Rot            Necr/Air       N/A        N/A       3%          2
i - Ensorcelled Hibernat  Hex/Ice        38%        N/A       3%          2
Your spell library was empty.

Dungeon Overview and Level Annotations

Branches:
Dungeon (4/15)
 Temple: D:4-7

Altars:
Ashenzari
Cheibriados
Ru
Zin

Annotations:
D:4 Grinder


Innate Abilities, Weirdness & Mutations

You are immune to sickness and miasma.
You are immune to poison.
Your flesh is very heat resistant. (rF++)
You are vulnerable to cold. (rC-)
You float through the air rather than walking.
You learn spells naturally, not from books.
Your magical power is your life essence.
You have superior vitality. (+4 HP)


Message History

Unknown command.
Unknown command.
Casting: Mephitic Cloud (dangerous; 7% risk of failure)
Confirm with . or Enter, or press ? or * to list all spells.
Aiming: Mephitic Cloud (dangerous; 7% risk of failure)
Press: ? - help, Shift-Dir - straight line, f - wyvern
Aim: a wyvern (chance to affect: 77%)
The ball explodes into a vile cloud!
The stinking cloud engulfs the wyvern but does no damage.
The stinking cloud engulfs you but does no damage.
The wyvern is engulfed in noxious fumes.
The wyvern appears confused.
The wyvern is engulfed in noxious fumes.
The wyvern appears confused.
The wyvern bites you.
Unknown command.
Unknown command.
Unknown command.
The wyvern is engulfed in noxious fumes.
The wyvern appears confused.
The wyvern is engulfed in noxious fumes.
The wyvern appears confused.
The wyvern is engulfed in noxious fumes.
Throw: dart (poison)
Press: ? - help, Q - select action, (/) - cycle Shift-Dir - straight line, f/p - wyvern
Aim: a wyvern (lightly wounded, confused, 77% to hit)
You throw a poisoned dart. The poisoned dart hits the wyvern.
The wyvern is poisoned.
The wyvern is lightly wounded.
Unknown command.
Throw: 10 boomerangs
Press: ? - help, Q - select action, (/) - cycle Shift-Dir - straight line, f/p - wyvern
Aim: a wyvern (lightly wounded, confused, poisoned, 77% to hit)
You throw a boomerang. The boomerang hits the wyvern.
The wyvern is moderately wounded.
The wyvern misses you.
Unknown command.
You hit the wyvern.
The wyvern is heavily wounded.
The wyvern bites you!
You die...

######## ########
##......##### #.......
#.......l.>.# #.#####.
#..###.@###.#####.#####.
#..#......#.##.......##.
#.......#.#.##.##.##.##.
#...........##.##.##.##.
##..<...#.####..........
#.###..#..........#.###
#......######.....#.#
###.(....>..........#
##.#.#.............#


You could see a wyvern (confused, poisoned).

Vanquished Creatures
  Duvessa (D:4)
  A phantom (D:3)
  Dowan (D:4)
  2 killer bees (D:4)
  A hound (D:4)
  A jelly (D:2)
  An orc priest (D:2)
  An orc wizard (D:2)
  3 adders
  3 worms
  A dart slug (D:1)
  An orc (D:3)
  6 ball pythons
  2 bats
  7 endoplasms
  5 giant cockroaches
  6 goblins
  4 hobgoblins
  6 jackals
  A quokka (D:2)
  3 frilled lizards
  6 kobolds
  4 rats
67 creatures vanquished.

Vanquished Creatures (collateral kills)
  Blork the orc (D:4)
  2 orcs (D:2)
3 creatures vanquished.

Grand Total: 70 creatures vanquished

Notes
Turn   | Place    | Note
-------+----------+-------------------------------------------
     0 | D:1      | lawman0 the Djinni Hedge Wizard began the quest for the
                  | Orb.
     0 | D:1      | Reached XP level 1. HP: 15/15 MP: 0/0
   290 | D:1      | Reached XP level 2. HP: 18/21 MP: 0/0
  1039 | D:2      | Reached XP level 3. HP: 24/26 MP: 0/0
  1039 | D:2      | Learned a level 1 spell: Apportation
  1079 | D:2      | Reached skill level 1 in Fighting
  1079 | D:2      | Reached skill level 3 in Spellcasting
  1080 | D:2      | Reached XP level 4. HP: 12/32 MP: 0/0
  2019 | D:2      | Found a faded altar of an unknown god.
  2086 | D:2      | Reached XP level 5. HP: 35/37 MP: 0/0
  2086 | D:2      | Learned a level 2 spell: Corpse Rot
  3315 | D:3      | Found a snail-covered altar of Cheibriados.
  3587 | D:4      | Noticed a wyvern
  3587 | D:4      | Found a glowing silver altar of Zin.
  3594 | D:4      | Noticed Duvessa
  3596 | D:4      | Noticed Dowan
  3599 | D:4      | Found a sacrificial altar of Ru.
  3601 | D:4      | Noticed a phantom
  3603 | D:4      | Found a broken altar of Ashenzari.
  3609 | D:3      | Killed a phantom
  3610 | D:3      | Reached skill level 4 in Spellcasting
  3610 | D:3      | Reached XP level 6. HP: 21/43 MP: 0/0
  3799 | D:4      | Reached skill level 1 in Maces & Flails
  3924 | D:4      | Killed Dowan
  3927 | D:4      | Noticed Grinder
  3949 | D:4      | Killed Duvessa
  3950 | D:4      | Reached skill level 1 in Throwing
  3950 | D:4      | Reached XP level 7. HP: 16/49 MP: 0/0
  3950 | D:4      | Learned a level 2 spell: Ensorcelled Hibernation
  4271 | D:4      | Noticed Blork the orc
  4280 | D:4      | Killed Blork the orc
  4594 | D:3      | Slain by a wyvern

Illustrated notes

Levels and vault maps discovered:
D:1:      matt_arrival_los_fun, layout_basic
D:2:      layout_loops_cross, shapermc_ecumenical_altar_starsandcircs
D:3:      layout_loops_cross, cheibriados_altar_1
D:4:      layout_rooms, grunt_temple_overflow_open,
          hellmonk_ghost_happy_afterlife, grunt_ministairs_5, minmay_unequal,
          uniq_grinder, uniq_duvessa, uniq_blork_the_orc, uniq_edmund

Skill      XL: |  1  2  3  4  5  6  7 |
---------------+----------------------+-----
Fighting       | 1 2 3 |  3.0
Spellcasting   | 3 4 |  4.4
Stealth        | 2 3 |  3.0
Maces & Flails | 1 2 |  2.1
Throwing       | 1 |  1.2
Dodging        | 3 |  3.0

Action                   |  1- 3 |  4- 6 |  7- 9 || total
-------------------------+-------+-------+-------++-------
Melee: Spear             |     2 |       |       ||     2
       Eveningstar       |     3 |    38 |    10 ||    51
Throw: Dart              |       |    21 |     6 ||    27
       Boomerang         |       |       |     1 ||     1
 Cast: Magic Dart        |    37 |    77 |     6 ||   120
       Call Imp          |     1 |     3 |     1 ||     5
       Mephitic Cloud    |       |     7 |     7 ||    14
       Conjure Flame     |       |     2 |       ||     2
       Corpse Rot        |       |     1 |       ||     1
  Use: Scroll            |       |     3 |       ||     3
       Potion            |       |       |     1 ||     1
 Stab: Confused          |       |     4 |       ||     4
       Sleeping          |       |     1 |       ||     1
Armor: Robe              |     4 |     9 |     5 ||    18
Dodge: Dodged            |     1 |    39 |    20 ||    60

Table legend: (Time is in decaauts)
 A = Elapsed time spent in this place.
 B = Non-inter-level travel time spent in this place.
 C = Inter-level travel time spent in this place.
 D = Time resting spent in this place.
 E = Time spent auto-exploring this place.
 F = Levels seen in this place.
 G = Mean time per level.
                   A        B        C        D        E       F      G
               +--------+--------+--------+--------+--------+-----+--------+
         Total |   4619 |   4500 |    119 |   1925 |   1910 |   4 | 1154.8 |
       Dungeon |   4619 |   4500 |    119 |   1925 |   1910 |   4 | 1154.8 |
               +--------+--------+--------+--------+--------+-----+--------+

Top non-repeatable levels by time:
     D:2: 1799 daAuts
     D:3: 1456 daAuts
     D:1: 946 daAuts
     D:4: 416 daAuts
